Cogmind - Beta 16 @@@ ROGUE MODE // 2025.11.17 @ 16:41:42 Player: Sir Cheese Result: Self-destructed Performance ------------- Evolutions (4) 2000 Regions Visited (5) 1000 Robots Destroyed (25) 125 Value Destroyed (446) 446 Prototype IDs (9) 180 Alien Tech Used (0) 0 Bonus (300) 300 TOTAL SCORE: 4051 Bonus ------- Registered with UFD 300 Cogmind --------- Core Integrity 724/850 Matter 45/300 Energy 400/400 System Corruption 4% Temperature Warm (108) Movement Treading (180) Ox2 Location -6/Factory Parts ------- > --- POWER (3) -------- Light Nuclear Core Improved Deuterium Engine Micro Nuclear Core > --- PROPULSION (3) --- Overtuned Medium Treads > --- UTILITY (6) ------ Scrap Suit Cooling System Large Storage Unit 0b10 Decoder Chip [Scout] Improved Light Armor Plating > --- WEAPON (3) ------- Overtuned Barrage Gun Grenade Launcher Grenade Launcher > --- INVENTORY (15) --- Light Ion Engine Power Amplifier Advanced Weight Redist. System Sensor Array Improved Signal Interpreter Improved Medium Armor Plating Hacking Suite System Shield Overtuned Beamcaster Overtuned Barrage Gun Overtuned Railgun Remote Datajack CPS Tube (2) Hammer DRS Beacon (Ready) Peak State ------------ > --- POWER ------------ Light Nuclear Core Improved Deuterium Engine Micro Nuclear Core > --- PROPULSION ------- Light Treads Advanced Treads Overtuned Medium Treads > --- UTILITY ---------- Scrap Suit Cooling System Large Storage Unit 0b10 Decoder Chip [Scout] Improved Medium Armor Plating > --- WEAPON ----------- Overtuned Beamcaster Overtuned Barrage Gun Overtuned Barrage Gun > --- INVENTORY -------- Light Ion Engine Power Amplifier Advanced Weight Redist. System Sensor Array Improved Signal Interpreter Improved Light Armor Plating Hacking Suite System Shield Overtuned Railgun Grenade Launcher Grenade Launcher Remote Datajack CPS Tube Hammer DRS Beacon [Rating: 57] Favorites ----------- Power Ion Engine Engine Ion Engine Power Core Micro Nuclear Core Propulsion Light Treads Treads Light Treads Utility Humpback Device Sensor Array Storage Humpback Processor 0b10 Decoder Chip [Scout] Protection Improved Medium Armor Plating Weapon Medium Laser Energy Gun Medium Laser Ballistic Gun Assault Rifle Launcher Grenade Launcher Special Weapon Mining Laser Impact Weapon Hammer Slashing Weapon Mining Claw Build | -11 -10 -10 -8 -8 -6 ------- Run | Yrd Mat Sub Rec Scr Fac Slots Evolved 8 | . . . . . 8 Power 2 | . . . . . 2 Propulsion 1 | . . . . . 1 Utility 4 | . . . . . 4 Weapon 1 | . . . . . 1 Parts Attached 31 | 6 4 2 2 2 15 Power 5 | 1 . . . . 4 Engine 3 | 1 . . . . 2 Core 2 | . . . . . 2 Reactor . | . . . . . . Propulsion 4 | 2 . . 1 . 1 Treads 4 | 2 . . 1 . 1 Leg . | . . . . . . Wheel . | . . . . . . Hover . | . . . . . . Flight . | . . . . . . Utility 11 | 1 2 1 . 2 5 Device 5 | . 2 1 . . 2 Storage 3 | 1 . . . 2 . Processor 1 | . . . . . 1 Hackware . | . . . . . . Protection 2 | . . . . . 2 Artifact . | . . . . . . Weapon 11 | 2 2 1 1 . 5 Energy Gun 3 | 1 1 . . . 1 Energy Cannon . | . . . . . . Ballistic Gun 3 | 1 . . . . 2 Ballistic Cannon . | . . . . . . Launcher 2 | . . 1 . . 1 Special Weapon 1 | . 1 . . . . Impact Weapon 1 | . . . . . 1 Slashing Weapon 1 | . . . 1 . . Piercing Weapon . | . . . . . . Special Melee Weapon . | . . . . . . Unidentified Prototypes . | . . . . . . Parts Lost 3 | . . 1 . . 2 Power . | . . . . . . Propulsion 2 | . . . . . 2 Utility . | . . . . . . Weapon 1 | . . 1 . . . Highest Loss Streak 2 | . . 1 . . 2 To Critical Strikes . | . . . . . . Average Backups 15 | 3 7 7 7 16 18 Power . | . 1 1 1 1 . Propulsion . | . . . . . . Utility 8 | . 1 2 2 9 8 Weapon 4 | 1 3 3 3 4 7 Tool/Special . | . . . . . . Unused Backups 16 | . . . . 4 12 Power . | . . . . . . Propulsion . | . . . . . . Utility 9 | . . . . 2 7 Weapon 4 | . . . . 1 3 Tool/Special 3 | . . . . 1 2 Average Slot Usage (%) 86 | . 98 100 100 86 63 Engine 13 | . 14 14 14 14 8 Treads 27 | . 28 28 28 28 16 Device 2 | . 12 14 14 1 8 Storage 13 | . 14 14 14 14 6 Energy Gun 13 | . 11 6 14 14 6 Slashing Weapon 12 | . . . 7 14 5 Peak Build Rating 57 | 6 8 9 10 16 57 Average Rating 13 | 5 7 7 9 13 31 On Entrance 7 | . 6 8 7 10 16 Avg Prop Armor Cover (%) 20 | . . . . 20 20 Naked Turns . | . . . . . . Heaviest Build 209 | 13 15 16 15 209 209 Greatest Support 67 | 40 40 40 42 42 67 Greatest Overweight (x) 69 | . . . . 69 69 Average Overweight (x) 11 | . . . . 17 4 Largest Inventory Capacity 35 | 8 8 8 8 35 35 Average Capacity 29 | 7 8 8 8 32 26 Most Carried 25 | 5 8 8 8 25 25 Average Carried 17 | 3 7 7 7 18 20 Final Capacity 35 | 8 8 8 8 35 15 Final Carried 25 | 5 8 7 8 25 15 Scrap Suit Usage (%) 2 | . . . . . 45 Parts Cannibalized 1 | . . . . . 1 Class Distribution -------------------- 80% | Hauler-Mutant 17% | Mutant Dominant Class ---------------- Mutant | -10/Materials Mutant | -10/Subcaves Mutant | -8/Recycling Hauler-Mutant | -8/Scraptown Hauler-Mutant | -6/Factory Resources | -11 -10 -10 -8 -8 -6 ----------- Run | Yrd Mat Sub Rec Scr Fac Matter Collected 820 | 308 10 66 281 20 135 Remotely . | . . . . . . Salvage Created 1006 | 207 68 78 467 . 186 Parts 52 | 18 6 2 12 . 14 Haulers Intercepted . | . . . . . . Recyclers Shooed 1 | . . . 1 . . Parts Field Recycled . | . . . . . . Retrieved Matter . | . . . . . . Parts Self-Destructed 1 | . . 1 . . . Prevented . | . . . . . . Parts Restored . | . . . . . . Kills | -11 -10 -10 -8 -8 -6 ------- Run | Yrd Mat Sub Rec Scr Fac Combat Hostiles Destroyed 13 | . 3 5 . . 5 Guns 8 | . 3 1 . . 4 AOE 4 | . . 4 . . . Classes Destroyed 7 | 2 2 2 . . 1 Tunneler 6 | 6 . . . . . Recycler 3 | 1 . . 2 . . Turret 2 | . . 2 . . . Watcher 1 | . 1 . . . . Swarmer 10 | . 3 4 . . 3 Sentry 2 | . . 1 . . 1 Programmer 1 | . . . . . 1 Best Kill Streak 4 | 2 4 4 1 . 3 Combat Bots Only 4 | . 3 4 . . 3 Max Kills in Single Turn 3 | 1 2 3 1 . 1 Gunslinging 1 | . 1 . . . . Exploded 3 | . . 3 . . . Melee . | . . . . . . Uniques/NPCs Destroyed . | . . . . . . Combat | -11 -10 -10 -8 -8 -6 -------- Run | Yrd Mat Sub Rec Scr Fac Hostile Shots Fired 146 | . 5 42 . . 99 Missed 43 | . . 18 . . 25 Hits 103 | . 5 24 . . 74 Projectile 103 | . 5 24 . . 74 Critical Strikes 3 | . . . . . 3 Damage Taken 1417 | . 36 235 . . 1146 Core 157 | . 8 23 . . 126 Absorbed by Shields . | . . . . . . Regen/Repaired (Parts) 10 | . . . . . 10 Core Remaining (%) 93 | 100 . . . 87 . Volleys Fired 79 | 16 10 19 11 . 23 Largest 3 | 2 2 2 2 . 3 Hottest 160 | 60 100 70 70 . 160 Shots Fired 156 | 32 14 37 22 . 51 Gun 132 | 32 8 24 22 . 46 Cannon . | . . . . . . Launcher 18 | . . 13 . . 5 Special 6 | . 6 . . . . Kinetic 81 | 16 4 19 11 . 31 Thermal 57 | 16 10 5 11 . 15 Explosive 18 | . . 13 . . 5 Electromagnetic . | . . . . . . Robot Hit Streak 21 | 7 7 8 21 . 10 Robot Miss Streak 4 | 2 1 3 2 . 4 Penetration Max . | . . . . . . Secondary Targets 1 | . 1 . . . . Max Gunslinging Chain 1 | . 1 . . . . Shots Hit Robots 89 | 20 7 13 20 . 29 Core Hits 54 | 8 4 15 10 . 17 Critical Kills . | . . . . . . Critical Parts Destroyed 1 | . . . . . 1 Critical Strikes 4 | . . . 1 . 3 Burn 3 | . . . 1 . 2 Destroy 1 | . . . . . 1 Melee Attacks 32 | . . . 24 . 8 Impact 4 | . . . . . 4 Slashing 28 | . . . 24 . 4 Piercing . | . . . . . . Sneak Attacks 2 | . . . 1 . 1 Combat Hostiles . | . . . . . . Follow-up Attacks . | . . . . . . Damage Inflicted 2239 | 241 87 527 390 . 994 Guns 1225 | 241 87 112 195 . 590 Cannons . | . . . . . . Explosions 777 | . . 415 . . 362 Melee 237 | . . . 195 . 42 Ramming . | . . . . . . Kinetic 675 | 122 50 63 69 . 371 Thermal 550 | 119 37 49 126 . 219 Explosive 777 | . . 415 . . 362 Electromagnetic . | . . . . . . Impact 42 | . . . . . 42 Slashing 195 | . . . 195 . . Piercing . | . . . . . . Highest Corruption 4 | . . . . . 4 Average Corruption 3 | . . . . . 3 Corruption Purged . | . . . . . . Corruption Blocked . | . . . . . . Effects 9 | . . . . . 9 Message Errors 1 | . . . . . 1 Matter Fused 3 | . . . . . 3 Heat Flow Errors 3 | . . . . . 3 Energy Discharges 1 | . . . . . 1 Data Loss (minor) 1 | . . . . . 1 Overload Shots . | . . . . . . Overflow Damage 33 | . . . 31 . 2 Projectiles . | . . . . . . Explosions . | . . . . . . Melee 33 | . . . 31 . 2 Knockbacks . | . . . . . . Impact . | . . . . . . Kinetic . | . . . . . . Secondary . | . . . . . . Self-Inflicted Damage 40 | . . . . . 40 Shots 3 | . . . . . 3 Rammed . | . . . . . . Targets Rammed . | . . . . . . Kicked . | . . . . . . Crushed . | . . . . . . Highest Temperature 259 | . 40 . 36 . 259 Average Temperature 59 | . 15 . 14 . 101 Received Heat Transfer 465 | . . 102 . . 363 Siege Activations . | . . . . . . Martial Activations . | . . . . . . Shielding Activations . | . . . . . . Robots Disrupted . | . . . . . . Combat Hostiles . | . . . . . . Robots Corrupted . | . . . . . . Combat Hostiles . | . . . . . . Parts Fried . | . . . . . . Impact Corruptions 1 | . . . . . 1 Robots Melted 1 | . . . . . 1 Combat Hostiles 1 | . . . . . 1 Parts Melted 5 | . . . 1 . 4 Heat Transferred 1565 | 275 111 148 444 . 587 Parts Sabotaged . | . . . . . . Parts Stolen . | . . . . . . Parts Stripped . | . . . . . . Power Chain Reactions . | . . . . . . Alert | -11 -10 -10 -8 -8 -6 ------- Run | Yrd Mat Sub Rec Scr Fac Maximum Alert Level . | . . . . . . Low Security (%) 100 | 100 100 . 100 . 100 Level 1 . | . . . . . . Level 2 . | . . . . . . Level 3 . | . . . . . . Level 4 . | . . . . . . Level 5 . | . . . . . . High Security . | . . . . . . Max Security . | . . . . . . Peak Influence 160 | 5 77 . 160 . 104 Initial 160 | . . . 160 . . Average 22 | 1 17 . 49 . 6 Influence Increases 798 | 35 96 395 99 . 173 Destroy 0b10 Robot/C 300 | . 60 140 . . 100 Destroy 0b10 Robot/NC 70 | 35 5 . 30 . . Destroy Leader 42 | . 12 . . . 30 Successful Hack 73 | . 15 . 58 . . Destroy Structure 43 | . 4 . 11 . 28 Lose Combat Pursuer 270 | . . 255 . . 15 Influence Decreases 714 | 35 57 99 434 . 89 Entered New Map 194 | . . 19 175 . . Time Decay 500 | 35 57 80 259 . 69 Lost Part 20 | . . . . . 20 Squads Dispatched 3 | . . . . . 3 Investigation 1 | . . . . . 1 Extermination 1 | . . . . . 1 Reinforcement 1 | . . . . . 1 Assault . | . . . . . . Garrison . | . . . . . . Intercept . | . . . . . . Searches Triggered . | . . . . . . Construction Impeded . | . . . . . . Haulers Reinforced 1 | . . . . . 1 Active Scanning Responses . | . . . . . . Cargo Convoy Interrupts . | . . . . . . Stealth | -11 -10 -10 -8 -8 -6 --------- Run | Yrd Mat Sub Rec Scr Fac Distress Signals 2 | . 1 . . . 1 Communications Jammed . | . . . . . . Distress Signals . | . . . . . . Times Spotted 31 | . 6 8 . . 17 Peak Tracking Total 10 | . 3 6 . . 10 Tactical Retreats 5 | . . 4 . . 1 Traps | -11 -10 -10 -8 -8 -6 ------- Run | Yrd Mat Sub Rec Scr Fac Traps Triggered . | . . . . . . Indirectly . | . . . . . . Trap Hack Attempts . | . . . . . . Triggered . | . . . . . . Disarmed . | . . . . . . Reprogrammed . | . . . . . . Reused . | . . . . . . Traps Extracted . | . . . . . . Installed . | . . . . . . Triggered . | . . . . . . Machines | -11 -10 -10 -8 -8 -6 ---------- Run | Yrd Mat Sub Rec Scr Fac Machines Disabled 3 | . . 3 . . . Max in Single Turn 1 | . . 1 . . . Machines Repaired . | . . . . . . Machines Dismantled . | . . . . . . Machines Sabotaged . | . . . . . . Overloaded Fab Kills . | . . . . . . Hacking | -11 -10 -10 -8 -8 -6 --------- Run | Yrd Mat Sub Rec Scr Fac Machines Accessed 25 | . 3 . 13 7 2 Terminals 9 | . 2 . 6 . 1 Fabricators . | . . . . . . Repair Stations . | . . . . . . Recycling Units 6 | . 1 . 5 . . Scanalyzers . | . . . . . . Garrison Access 1 | . . . . . 1 Total Hacks 125 | . 8 . 61 51 5 Successful 100 | . 5 . 44 51 . Failed 25 | . 3 . 17 . 5 Catastrophic 4 | . . . 3 . 1 Database Lockouts . | . . . . . . Manual 22 | . 6 . 11 . 5 Terminals 24 | . 6 . 16 . 2 Fabricators . | . . . . . . Repair Stations . | . . . . . . Recycling Units 23 | . 2 . 21 . . Scanalyzers . | . . . . . . Garrison Access 3 | . . . . . 3 Terminal Hacks 85 | . 3 . 31 51 . Record 75 | . . . 24 51 . Part Schematic 2 | . . . 2 . . Terminal Index 1 | . 1 . . . . Locate Traps 1 | . 1 . . . . Registered Prototypes 1 | . . . 1 . . Zone Layout 5 | . 1 . 4 . . Fabricator Hacks . | . . . . . . Repair Station Hacks . | . . . . . . Recycling Unit Hacks 8 | . 1 . 7 . . Report Inventory 6 | . 1 . 5 . . Retrieve Components 2 | . . . 2 . . Scanalyzer . | . . . . . . Garrison Access Hacks . | . . . . . . Unauthorized Hacks 7 | . 1 . 6 . . Terminals . | . . . . . . Fabricators . | . . . . . . Repair Stations . | . . . . . . Recycling Units 7 | . 1 . 6 . . Monitor 3 | . . . 3 . . Mask 4 | . 1 . 3 . . Scanalyzers . | . . . . . . Garrison Access . | . . . . . . Data Cores Recovered . | . . . . . . Used . | . . . . . . Hacking Detections 14 | . 3 . 9 . 2 Full Trace Events 1 | . . . . . 1 Feedback Events . | . . . . . . Feedback Blocked . | . . . . . . Robot Schematics Acquired . | . . . . . . Robots Built . | . . . . . . Authchips . | . . . . . . Time . | . . . . . . Total Robot Build Rating . | . . . . . . Part Schematics Acquired 2 | . . . 2 . . Parts Built . | . . . . . . Authchips . | . . . . . . Time . | . . . . . . Total Part Build Rating . | . . . . . . Part Studies Acquired . | . . . . . . Parts Repaired . | . . . . . . Time . | . . . . . . Parts Recycled . | . . . . . . Recycled Matter . | . . . . . . Retrieved Matter . | . . . . . . Retrieved Components 3 | . . . 3 . . Parts Scanalyzed . | . . . . . . Part Schematics Acquired . | . . . . . . Parts Damaged . | . . . . . . Bothacking | -11 -10 -10 -8 -8 -6 ------------ Run | Yrd Mat Sub Rec Scr Fac Used RIF Installer . | . . . . . . Robots Hacked . | . . . . . . Non-combat . | . . . . . . Combat . | . . . . . . Robot Hacks Applied . | . . . . . . Relay Couplers Released . | . . . . . . Fabnet Peak Effective % . | . . . . . . Robots Rewired . | . . . . . . Allies Hacked . | . . . . . . Hacks Repelled . | . . . . . . Allies | -11 -10 -10 -8 -8 -6 -------- Run | Yrd Mat Sub Rec Scr Fac Total Allies . | . . . . . . Largest Group . | . . . . . . Highest-Rated Group . | . . . . . . Highest-Rated Ally . | . . . . . . Total Orders . | . . . . . . Ally Attacks . | . . . . . . Total Damage . | . . . . . . Kills . | . . . . . . Allies Corrupted . | . . . . . . Allies Melted . | . . . . . . Intel | -11 -10 -10 -8 -8 -6 ------- Run | Yrd Mat Sub Rec Scr Fac Active Infowar (turns) 4090 | . 256 262 885 2216 471 Sensors 3761 | . 103 213 885 2216 344 Terrain 49 | . . 49 . . . Seismic 153 | . 153 . . . . Decoding 459 | . . . . . 459 Robot Analysis Total . | . . . . . . Derelict Logs Recovered 1 | . . 1 . . . Drone Launches . | . . . . . . Drone Recoveries . | . . . . . . Decoded 0b10 Intel 3 | . . . . . 3 Emergency Access 2 | . . . . . 2 Garrisons 1 | . . . . . 1 Exploration | -11 -10 -10 -8 -8 -6 ------------- Run | Yrd Mat Sub Rec Scr Fac Turns Passed 21917 | 249 290 262 885 19179 1052 Spaces Moved 3105 | 120 151 126 502 1931 275 Core 507 | 6 . . . 485 16 Treads 2598 | 114 151 126 502 1446 259 Legs . | . . . . . . Wheels . | . . . . . . Hover . | . . . . . . Flight . | . . . . . . Fastest Speed 50 | 50 160 160 152 152 148 Average Speed 693 | 154 160 160 154 992 343 Slowest Speed 3500 | 160 160 160 160 3500 3500 Overloaded Moves . | . . . . . . Propulsion Burnouts . | . . . . . . Robots Hopped . | . . . . . . Potential Cave-ins 3 | . . . 3 . . Cave-ins Triggered . | . . . . . . Exploration Rate (%) 38 | 8 29 6 91 89 6 Regions Visited 5 Branch Regions 3 Pre-discovered Areas . | . . . . . . Known Exits Taken . | . . . . . . Unknown Exits Taken 5 | 1 1 1 1 1 . Scrap Searched 4 | . . . . 4 . Spaces Dug 21 | . 6 . 13 . 2 Terrain Destroyed 90 | . 6 37 13 . 34 Melee 15 | . . . 13 . 2 Projectile 9 | . 6 . . . 3 AOE 66 | . . 37 . . 29 Terrain Rammed . | . . . . . . Walls Destroyed . | . . . . . . Machines Disabled . | . . . . . . Actions | -11 -10 -10 -8 -8 -6 --------- Run | Yrd Mat Sub Rec Scr Fac Total 3338 | 152 172 148 545 1975 346 Wait 8 | . . . . 5 3 Move 3100 | 119 150 125 501 1930 275 Hop . | . . . . . . Pick Up 55 | 11 5 . 3 30 6 Fast Attach 4 | . . . 1 1 2 Attach 17 | 6 1 1 . . 9 Detach 2 | . . . . . 2 Swap 20 | . 5 3 2 1 9 Drop 21 | . 1 . 3 8 9 Fire 79 | 16 10 19 11 . 23 Melee 32 | . . . 24 . 8 Ram . | . . . . . . Kick . | . . . . . . Crush . | . . . . . . Escape Stasis . | . . . . . . Rewire . | . . . . . . Trap . | . . . . . . Miscellaneous . | . . . . . . Route ------- -11/Scrapyard -10/Materials (discovered 2 exits: [*Mat] / [*Sub]) -10/Subcaves -8/Recycling -8/Scraptown (discovered 2 exits: *Fac x2) -6/Factory History --------- Turn | Location | Event 29 | -11/Scrapyard | Discovered new exit (range 16) 250 | -11/Scrapyard | Entered Materials 305 | -10/Materials | Build established: Mutant 447 | -10/Materials | Discovered new exit (range 16) 529 | -10/Materials | Discovered new exit (range 8) 540 | -10/Materials | Entered Subcaves 540 | -10/Subcaves | Discovered new exit (range 12) 580 | -10/Subcaves | Learned 2 Materials zone layouts 802 | -10/Subcaves | Entered Recycling 1652 | -8/Recycling | Scanned before Scraplab entrance 1685 | -8/Recycling | Discovered new exit (range 2) 1687 | -8/Recycling | Entered Scraptown 2127 | -8/Scraptown | Discovered new exit (range 13) 2275 | -8/Scraptown | Visited Cave Peace 2335 | -8/Scraptown | Visited Symbiants 2377 | -8/Scraptown | Visited Cyclists 2451 | -8/Scraptown | Visited Fellowship of the Rings 2515 | -8/Scraptown | Visited Comm Corps 2781 | -8/Scraptown | Visited UFD Registry 2781 | -8/Scraptown | Registered with UFD as "Cogsourcer" 2836 | -8/Scraptown | Visited Curators Association 2899 | -8/Scraptown | Visited Observation Area 2977 | -8/Scraptown | Visited Junk Repository 3035 | -8/Scraptown | Visited Infowarlord's Domain 3082 | -8/Scraptown | Visited Modified Component R&D 3199 | -8/Scraptown | Visited Derelict Rescue Squad 3212 | -8/Scraptown | Found DRS Beacon 3240 | -8/Scraptown | Visited Chapter 10 3568 | -8/Scraptown | Found Scrap Suit 4210 | -8/Scraptown | Build established: Hauler-Mutant 7944 | -8/Scraptown | Visited LU-1G1's Boring Crew 15016 | -8/Scraptown | Entered Cyclist Reading Room 20691 | -8/Scraptown | Discovered new exit (range 5) 20866 | -8/Scraptown | Entered Factory 20866 | -6/Factory | Evolved 8 slots: Power x2, Propulsion x1, Utility x4, Weapon x1 21725 | -6/Factory | Build established: Scrapper 21918 | -6/Factory | Self-destructed Last Messages --------------- System corrupted: Matter fused (-10). >> DECODED: Emergency access location. Sneak attack on K-01 Serf. Destroyed Wheel. K-01 Serf system corrupted by crushing effect. K-01 Serf sends out distress signal. S-27 Virus destroyed. Destroyed VTOL Module. S-27 Virus destroyed. A-15 Conveyor suffers critical hit (Destroy). Destroyed Med. Treads. ALERT: Hostile activity reported, dispatching reinforcements to area. Dropped Ion Engine. Destroyed Hvy. Laser. Critical hit (Burn: +37). Acquired 29 matter. Lgt. Treads destroyed. Adv. Treads destroyed. Critical hit (Burn: +37). Map ----- +----------------------------------------------------+ | ?????????????????????????????????????????????????? | | ?????????????????????????????????????????????????? | | ?????????????????????????????????????????????????? | | ?????????????????????????????????????????????????? | | ?????????????????????????????????????????????????? | | ?????????????????????????????????????????????????? | | ?????????????????????????????????????????????????? | | ?????????????????????????????????????????????????? | | ?????????????????????????????????????????????##### | | ?????????????????????????????????????????????# | | ?????????????????????????????????????????????# "" | | ?????????????????????????????????????????????# "" | | ?????????????????????########????????????????# "" | | ?????????????????????# #????????????????# | | ?????????????????????# #????????????????# "" | | ?????????????????????# #????????????????# "" | | ?????????????????????# #????????????????# "" | | ?????????????????????# ##???????????????# | | ??????????????????????? ###?????????????# | | ??? #######+#??????## ##????????????# | | ?? !! ##???#* #????????????# | | ?? ! #"#### ################### | | ?? !!! *g= " gk g + # | | ?? !!! ###### g ###"" # | | ???"" !! ?????# [ #?#"" # | | ????" #??????## @ ####G + | | ????" ????? #g# ##"" === # | | ????" ?? ??# # #""" === # | | ????" ??# g ????+ # """ ## === # | | ???? ???# ??????# # """ ## # | | ????? ??? g????????# # """ ##! # | | ????? ####???#??????????# # "" ## # | | ????????????????????????# # "" #######"## ####### | | ????????????????????????# #] #?????############ | | ??????????????#########?# # #?????????# | | ??????????????# # # #?????????# | | ??????????????# ! ! # ##+#######??????# | | ??????????????# + #??????# | | ??????????????# """ """ # ! #??????# | | ?????????????????"" """ # """ ######## | | ??????????????????" """?# """ | | ?????????????????? ?# """ ##########+#### | | ?????????????????? ??# #???# | | ?????????????????####+??# #???# | | ???????????????????????#####+## #??## | | ???????????????????????+ # #??## """ """ | | ???????????????????????#""" + #???# """ """ | | ???????????????????????#""" # #???# """ """ | | ???????????????????????#""" # ##### | | ???????????????????????# # + """ """ | +----------------------------------------------------+ Best States ------------- Heat Dissipation 59 Energy Generation 35 Energy Capacity 490 Matter Stores 300 Matter Capacity 300 Sight Range 16 Robot Scan Range 14 Terrain Scan Range 16 Terrain Scan Density 10 Armor Coverage 225 Evasion (%) 40 Recoil Reduction 3 Item Schematics ----------------- Imp. VSS Leg | -8/Recycling | Hacked Chainsword | -8/Recycling | Hacked Robot Schematics ------------------ None Fabricated ------------ Nothing Repaired ---------- Nothing Studied --------- None Alien Tech Used ----------------- None Achievements -------------- Tank Challenges ------------ None Game ------ Seed MultinovaBeamDisplacer Manual? 0 Play Time 00:49:09 Cumulative 38.2 hours Start 2025.11.17 @ 15:50:19 End 2025.11.17 @ 16:41:42 Sessions 1 Manual Loads 0 Difficulty Rogue Special Mode None Game No. 36 Rogue 8 Adventurer 21 Explorer 7 Win Type - Total 1 Types 1/0/0/0/0/0/0/0/0/0 Lore% 40 Gallery% 38 Achievement% 32 Wizard Run 0 Options --------- Layout 1 ASCII 0 Keyboard 0 Movement Mouse Keybinds 0 Fullscreen 1 Font 48/Smallcaps Map View 50x35 Zoom Use 0% Tactical HUD 0 Map Filters NONE Filters NONE Steam 1 RUN: d28ab662-2f29-462a-b773-3c919396218f